 Dungeon Crawl Stone Soup version 0.21.1 (webtiles) character file.

1700 shakethe the Cudgeler (level 8, 0/79 HPs)
             Began as a Troll Fighter on Feb 5, 2018.
             Was a Follower of Okawaru.
             Killed from afar by an orc wizard (5 damage)
             ... with a magic dart
             ... on level 6 of the Dungeon.
             The game lasted 00:16:15 (5304 turns).

shakethe the Cudgeler (Troll Fighter)               Turns: 5304, Time: 00:16:15

Health: 0/79       AC:  8    Str: 25    XL:     8   Next: 73%
Magic:  5/7        EV: 14    Int:  4    God:    Okawaru [*.....]
Gold:   265        SH: 11    Dex: 11    Spells: 7/7 levels left

rFire    x . .     SeeInvis .   a - +0 flail
rCold    + . .     Gourm    +   c - +0 shield
rNeg     . . .     Faith    .   s - +2 robe
rPois    +         Spirit   .   u - +1 hat
rElec    .         Reflect  .   (no cloak)
rCorr    .         Harm     .   (gloves unavailable)
MR       .....                  (boots unavailable)
Stlth    +++.......             (no amulet)
HPRegen  0.63/turn              k - ring of ice
MPRegen  0.10/turn              n - ring of poison resistance

@: heroism, slowed, very slow
A: large, unfitting armour, claws 3, fast metabolism 3, gourmand, regeneration
1, shaggy fur 1, tough skin 2
a: Heroism, Renounce Religion


You were on level 6 of the Dungeon.
You worshipped Okawaru.
Okawaru was aware of your devotion.
You were very full.

You visited 2 branches of the dungeon, and saw 7 of its levels.

You collected 265 gold pieces.

Inventory:

Hand Weapons
 a - a +0 flail (weapon)
 r - a +2 scythe of protection
Armour
 b - a +0 robe
 c - a +0 shield (worn)
 s - a +2 robe (worn)
 u - a +1 hat (worn)
 E - a +0 pair of gloves
Jewellery
 k - a ring of ice (left claw)
 n - a ring of poison resistance (right claw)
Wands
 l - a wand of digging (6)
 q - a wand of iceblast (10)
Scrolls
 g - 4 scrolls of fear {unknown}
 h - a scroll of identify {unknown}
 i - 5 scrolls of remove curse {unknown}
 j - 2 scrolls of amnesia {unknown}
 m - a scroll of fog {unknown}
 p - a scroll of immolation {unknown}
 x - 2 scrolls of random uselessness {unknown}
 y - 3 scrolls of teleportation {unknown}
 z - a scroll of enchant armour {unknown}
 C - a scroll of magic mapping {unknown}
Potions
 d - a potion of might
 e - 5 potions of curing {unknown}
 o - a potion of degeneration {unknown}
 t - 2 potions of berserk rage {unknown}
 v - 3 potions of ambrosia {unknown}
 w - 2 potions of brilliance {unknown}
 A - 2 potions of heal wounds {unknown}
 B - a potion of invisibility {unknown}
 D - a potion of cancellation {unknown}
 F - 2 potions of flight {unknown}
Comestibles
 f - 15 rations


   Skills:
 + Level 4.8(9.8) Fighting
 * Level 6.7(11.7) Maces & Flails
 + Level 4.6(9.6) Dodging
 + Level 4.8(9.8) Shields


You had 7 spell levels left.
You didn't know any spells.

Dungeon Overview and Level Annotations

Branches:
Dungeon (6/15)             Temple (1/1) D:4

Altars:
Dithmenos
Elyvilon
Fedhas
Hepliaklqana
Kikubaaqudgha
Nemelex Xobeh
Okawaru
Qazlal
Ru
Sif Muna
Trog
Uskayaw
Vehumet
Wu Jian
Xom
Yredelemnul
The Shining One

Shops:
D:6 %


Innate Abilities, Weirdness & Mutations

You are too large for most types of armour.
You have claws for hands.
Your metabolism is lightning-fast.
You like to eat raw meat.
Your natural rate of healing is unusually fast.
You are covered in fur. (AC +1)
You have very tough skin. (AC +2)


Message History

The orc wizard points at you and mumbles some strange words.
The magic dart hits you!
* * * LOW HITPOINT WARNING * * *
Something hits you but does no damage.
You gain the combat prowess of a mighty hero.
Something hits you.
* * * LOW HITPOINT WARNING * * *
You block something's attack. The orc warrior misses you.
The orc wizard gestures at you while chanting.
You feel yourself slow down.
The orc wizard points at you and mumbles some strange words.
The magic dart hits you!
* * * LOW HITPOINT WARNING * * *
Something hits you but does no damage. The orc wizard hits you with a dagger.
* * * LOW HITPOINT WARNING * * *
You hear some strange, mumbled words.
A magic dart appears from out of thin air!
The magic dart hits you!
You die...

#####################
#.# #.# #.# ### #.#
..# #.# #. #.#
#####.# #..# #.#
#.....#
#....##.######.#####
#...{o.@o...#
####.######## ^..#
#####


You could see an orc warrior and an orc wizard.

Vanquished Creatures
  Sigmund (D:2)
  2 sky beasts
  2 ice beasts
  A phantom (D:4)
  A bullfrog (D:6)
  A scorpion (D:6)
  A howler monkey (D:6)
  4 crimson imps
  5 hounds
  A jelly (D:6)
  2 orc priests (D:6)
  2 bullfrog skeletons
  A centaur skeleton (D:6)
  2 iguanas
  4 worker ants
  A killer bee zombie (D:6)
  A hound skeleton (D:6)
  The ghost of p0werm0de the Firebug, a weakling OpFE (D:3)
  A howler monkey skeleton (D:4)
  16 adders
  A shadow imp (D:6)
  2 oozes
  A worm (D:3)
  An adder skeleton (D:5)
  3 dart slugs
  7 leopard geckos
  3 orcs
  11 bats
  11 giant cockroaches
  7 goblins
  10 hobgoblins
  10 jackals
  9 kobolds
  3 quokkas
  A ball python (D:1)
  5 frilled lizards
  A jackal skeleton (D:4)
  14 rats
150 creatures vanquished.

Notes
Turn   | Place    | Note
-------+----------+-------------------------------------------
     0 | D:1      | shakethe the Troll Fighter began the quest for the Orb.
     0 | D:1      | Reached XP level 1. HP: 22/22 MP: 0/0
    15 | D:1      | Reached skill level 2 in Maces & Flails
   150 | D:1      | Reached XP level 2. HP: 27/29 MP: 1/1
   618 | D:1      | Reached XP level 3. HP: 36/36 MP: 2/2
  1019 | D:2      | Found a radiant altar of Vehumet.
  1099 | D:2      | Reached skill level 3 in Maces & Flails
  1099 | D:2      | Reached XP level 4. HP: 29/44 MP: 3/3
  1235 | D:2      | Found an ancient bone altar of Kikubaaqudgha.
  1512 | D:2      | Noticed Sigmund
  1680 | D:2      | Killed Sigmund
  1680 | D:2      | Reached XP level 5. HP: 16/53 MP: 4/4
  1790 | D:2      | Reached XP level 6. HP: 61/61 MP: 5/5
  1815 | D:2      | Reached skill level 4 in Maces & Flails
  2319 | D:3      | Noticed p0werm0de's ghost (weakling OpFE)
  2329 | D:3      | Killed p0werm0de's ghost
  3017 | D:4      | Found a shadowy altar of Dithmenos.
  3162 | D:4      | Noticed an ice beast
  3191 | D:4      | Killed an ice beast
  3191 | D:4      | Reached XP level 7. HP: 50/68 MP: 6/6
  3263 | D:4      | Found a staircase to the Ecumenical Temple.
  3563 | D:4      | Reached skill level 5 in Maces & Flails
  3673 | Temple   | Entered the Ecumenical Temple
  3728 | Temple   | Became a worshipper of Warmaster Okawaru
  3802 | D:5      | Entered Level 5 of the Dungeon
  4286 | D:5      | Found a white marble altar of Elyvilon.
  4559 | D:6      | Reached XP level 8. HP: 78/78 MP: 7/7
  4632 | D:6      | Reached * piety under Okawaru
  4724 | D:6      | Found Syopt's Food Shoppe.
  4762 | D:6      | Reached skill level 6 in Maces & Flails
  4936 | D:6      | Found a bloodstained altar of Trog.
  5164 | D:6      | Found a hide-covered altar of Uskayaw.
  5304 | D:6      | Killed from afar by an orc wizard

Skill      XL: |  1  2  3  4  5  6  7  8 |
---------------+-------------------------+-----
Maces & Flails | 2 3 4 5 6 |  6.7
Fighting       | 3 4 |  4.8
Shields        | 3 4 |  4.8
Dodging        | 3 4 |  4.6

Action                   |  1- 3 |  4- 6 |  7- 9 || total
-------------------------+-------+-------+-------++-------
Melee: Flail             |   128 |   317 |   280 ||   725
Invok: Heroism           |       |       |     1 ||     1
 Stab: Sleeping          |       |       |     1 ||     1
  Eat: Chunk             |    16 |    20 |    19 ||    55
Armor: Robe              |    58 |   163 |   112 ||   333
Dodge: Dodged            |    70 |   176 |    83 ||   329
Block: Shield            |    77 |   235 |   151 ||   463
